 Dungeon Crawl Stone Soup version 0.19.1 (webtiles) character file.

25 equalderp2856 the Ducker (level 2, 0/14 HPs)
             Began as a Felid Fighter on Nov 24, 2016.
             Slain by an adder (3 damage)
             ... on level 2 of the Dungeon.
             The game lasted 00:02:53 (1642 turns).

equalderp2856 the Ducker (Felid Fighter)            Turns: 1642, Time: 00:02:53

Health: 0/14       AC:  1    Str: 12    XL:     2   Next: 86%
Magic:  2/3        EV: 19    Int:  9    God:
Gold:   47         SH:  0    Dex: 15    Spells: 1 memorised, 0 levels left
                                        Lives:  0   Deaths: 0

rFire  . . .     SeeInvis +       - Unarmed
rCold  . . .     Gourm    .     (armour unavailable)
rNeg   . . .     Faith    .     (shield unavailable)
rPois  .         Spirit   .     (helmet unavailable)
rElec  .         Reflect  .     (cloak unavailable)
rCorr  .         Harm     .     (gloves unavailable)
MR     .....                    (boots unavailable)
Stlth  ++........               (no amulet)
                                (no ring)
                                (no ring)

@: lethally poisoned (0 -> -11), quick
A: no armour, no weapons or thrown items, stealth, claws 1, fangs 3, see
invisible, carnivore 3, speed 1, shaggy fur 1, slow metabolism 1, sharp paws
a: no special abilities


You were on level 2 of the Dungeon.
You were not hungry.

You visited 1 branch of the dungeon, and saw 2 of its levels.

You collected 47 gold pieces.

Inventory:

Scrolls
 c - a scroll of amnesia {unknown}
 d - a scroll of recharging {unknown}
 e - 4 scrolls of identify {unknown}
 g - a scroll of random uselessness {unknown}
 n - a scroll of enchant armour {unknown}
Potions
 a - 2 potions of might
 f - a potion of curing {unknown}
 h - a potion of lignification {unknown}
 i - a potion of haste {unknown}
Books
 l - a book of Cantrips

   Spells                             Type                      Level
   a - Confusing Touch                Hexes                        1
   b - Animate Skeleton               Necromancy                   1
   c - Summon Small Mammal            Summoning                    1
   d - Apportation                    Translocation                1
Comestibles
 b - 2 meat rations
 j - 3 fruits
 k - a slice of pizza
 m - a beef jerky


   Skills:
 + Level 3.2 Fighting
 + Level 4.5 Dodging
 + Level 4.4 Unarmed Combat


You couldn't memorise any spells.
You knew the following spells:

 Your Spells              Type           Power        Failure   Level  Hunger
a - Confusing Touch       Hex            #.....       38%         1    ##.....


Dungeon Overview and Level Annotations

Branches:
Dungeon (2/15)

Altars:


Innate Abilities, Weirdness & Mutations

You cannot wear armour.
You are incapable of wielding weapons or throwing items.
Your paws allow you to move quietly. (Stealth)
You have sharp claws.
You have razor-sharp teeth.
You have supernaturally acute eyesight. (SInv)
You are carnivorous and can eat meat at any time.
You cover ground quickly.
You are covered in fur. (AC +1)
You have a slow metabolism.
Your sharp claws are effective at attacking unaware monsters.


Message History

Your paws begin to glow red.
The adder hisses angrily.
You scratch the adder but do no damage. The adder bites you.
You are poisoned.
The adder poisons you! The adder bites you but does no damage.
You scratch the adder but do no damage.
The adder appears confused.
Your bite misses the adder.
Your paws stop glowing.
You feel sick. The adder bites you.
* * * LOW HITPOINT WARNING * * *
You are more poisoned.
The adder poisons you!
You barely miss the adder.
* * * LOW HITPOINT WARNING * * *
You feel sick.
The adder bites itself.
You catch the helpless adder completely off-guard!
You scratch the adder.
The adder is severely wounded.
The adder bites you.
You die...

######## ####
#....... ...
#.######
#.##########
#.#
#.....S@...#
#.#
#..#######.#
#.# #### #..#
#.######†#.##..
....#
#.##..........#
###S##
#........#.####
..
####.#####.....
#.. #.# ##..
... ..# #.#
...# #.#


You could see an adder (confused).

Vanquished Creatures
  A dart slug (D:1)
  A leopard gecko (D:1)
  2 goblins (D:1)
  2 hobgoblins (D:1)
  3 jackals (D:1)
  3 bats
  3 frilled lizards
  4 kobolds
  4 rats
23 creatures vanquished.

Notes
Turn   | Place    | Note
-------+----------+-------------------------------------------
     0 | D:1      | equalderp2856 the Felid Fighter began the quest for the Orb.
     0 | D:1      | Reached XP level 1. HP: 10/10 MP: 2/2
   255 | D:1      | Reached XP level 2. HP: 11/14 MP: 3/3
  1522 | D:2      | Learned a level 1 spell: Confusing Touch
  1642 | D:2      | Slain by an adder

Action                   || total
-------------------------++-------
Melee: Unarmed           ||    80
       Bite              ||     6
       Punch             ||     2
 Cast: Confusing Touch   ||     2
 Stab: Confused          ||     1
  Eat: Chunk             ||     4
Armor: Skin              ||    12
Dodge: Dodged            ||    61
